 Dungeon Sprint DCSS version 0.30-a0-1161-g0704695555 (webtiles) character file.

Game seed: 2411005645691875940

51 fozzywoppz the Sneak (level 3, -3/22 HPs)
             Began as a Spriggan Brigand on Apr 28, 2023.
             Slain by a water elemental (18 damage)
             ... in the Dungeon (Sprint III: "The Ten Rune Challenge").
             The game lasted 00:03:10 (128 turns).

fozzywoppz the Sneak (Spriggan Brigand)              Turns: 128, Time: 00:03:10

Health: -3/22      AC:  3    Str:  7    XL:     3   Next: 58%
Magic:  4/4        EV: 18    Int: 12    God:
Gold:   17         SH:  0    Dex: 16    Spells: 2/2 levels left

rFire   . . .        a - +2 dagger
rCold   + . .        (no shield)
rNeg    . . .        b - +0 robe
rPois   .            (helmet restricted)
rElec   .            c - +0 cloak
rCorr   .            (gloves unavailable)
SInv    +            (boots unavailable)
Will    .....        (no amulet)
Stlth   ++++         (no ring)
HPRegen 0.23/turn    (no ring)
MPRegen 0.09/turn

%: no teleportation, clarity
@: hasted, very quick
A: very small, no large weapons, unfitting armour, see invisible, speed 3,
clarity, clumsy 1, cold resistance 1, robust 1, inability to drink after injury
1
a: no special abilities


You were in the Dungeon.
You visited 1 branch You collected 17 gold pieces.

Inventory:

Hand Weapons
 a - a +2 dagger (weapon)
Missiles
 d - 9 poisoned darts (quivered)
 e - 3 curare-tipped darts
Armour
 b - a +0 robe (worn)
 c - a +0 cloak (worn)
Scrolls
 j - a scroll of immolation {unknown}
 k - a scroll of blinking
 l - a scroll of identify
 o - a scroll of torment {unknown}
Potions
 f - 2 potions of curing
 g - a potion of heal wounds
 i - 2 potions of magic
 m - a potion of flight
 n - 2 potions of mutation


   Skills:
 + Level 3.0 Fighting
 + Level 4.0 Short Blades
 + Level 3.6 Throwing
 + Level 4.2 Dodging
 + Level 7.7 Stealth


You had 2 spell levels left.
You didn't know any spells.
Your spell library was empty.

Dungeon Overview and Level Annotations

Branches:
Dungeon (1/1)

Altars:


Innate Abilities, Weirdness & Mutations

You are very small and have problems with some larger weapons.
You are too small for most types of armour.
You have supernaturally acute eyesight. (SInv)
You cover ground extremely quickly. (Speed+++)
You possess an exceptional clarity of mind.
You are clumsy. (Dex -2)
Your flesh is cold resistant. (rC+)
You are robust. (+10% HP)
You occasionally lose the ability to drink potions when taking damage.


Message History

A water elemental comes into view.
Okay, then.
As you read the scroll labelled XANUYR FUYM, it crumbles to dust.
It is a scroll of identify.
m - a potion of flight You hit the water elemental.
The water elemental is lightly damaged.
The water elemental hits you!
The water elemental engulfs you in water!
You slip free of the water engulfing you.
You gasp with relief as air once again reaches your lungs.
Throw: 9 darts (poison)
Press: ? - help, Q - select action, (/) - cycle Shift-Dir - straight line, f - water elemental
Aim: a water elemental (lightly damaged, 72% to hit)
Okay, then.
Press: ? - help, v - describe, . - travel
Here: a water elemental (lightly damaged)
The floor.
Press: ? - help, v - describe, . - travel
Here: a water elemental (lightly damaged)
The floor.
You aren't carrying any items that you can evoke.
You feel yourself speed up.
You hit the water elemental but do no damage.
The water elemental is lightly damaged.
You barely miss the water elemental.
The water elemental is lightly damaged.
The water elemental barely misses you.
You closely miss the water elemental.
The water elemental is lightly damaged.
You hit the water elemental.
The water elemental is moderately damaged.
The water elemental misses you.
You hit the water elemental but do no damage.
The water elemental is moderately damaged.
You hit the water elemental but do no damage.
The water elemental is moderately damaged.
The water elemental hits you!!
Ouch! That really hurt!
You die...

▓<..#(..#### ##.#
▓...#......#####..#
▓..##.......#..#..#
▓##.##.##..†#..#..# #+#+#
##.##.###..##'#..#......
▓#.####.##..###...'.⌠....
▓.###..##..####...#...###
▓#.....##..###....# ⌠.#
###..##)..##.@E..# .#
#†.##....#......# #
#..###..##.#.....# #(.#
#..#####....# ▓▓▓▓ ▓▓▓▓
▓▓▓▓▓▓


You could see a water elemental.

Vanquished Creatures
  Jessica (D)
  A human (D)
  A phantom (D)
  An endoplasm (D)
  2 rats (D)
6 creatures vanquished.

Notes
Turn   | Place    | Note
-------+----------+-------------------------------------------
     0 | D        | fozzywoppz the Spriggan Brigand began the quest for the
                  | Orb.
     0 | D        | Reached XP level 1. HP: 10/10 MP: 2/2
    10 | D        | Reached skill level 6 in Stealth
    27 | D        | Noticed Jessica
    32 | D        | Killed Jessica
    33 | D        | Reached skill level 7 in Stealth
    33 | D        | Reached XP level 2. HP: 16/16 MP: 3/3
    33 | D        | Reached XP level 3. HP: 19/19 MP: 4/4
    84 | D        | Gained mutation: Armour fits poorly on your strangely
                  | shaped body. [potion of mutation]
    84 | D        | Gained mutation: Potions are less effective at restoring
                  | your health. [potion of mutation]
    85 | D        | Lost mutation: Armour fits poorly on your strangely shaped
                  | body. [potion of mutation]
    85 | D        | Lost mutation: Potions are less effective at restoring your
                  | health. [potion of mutation]
    85 | D        | Gained mutation: You are partially covered in iridescent
                  | scales. (AC +2) [potion of mutation]
    85 | D        | Gained mutation: You possess an exceptional clarity of
                  | mind. [potion of mutation]
    85 | D        | Gained mutation: Your spells are a little harder to cast,
                  | but a little more powerful. [potion of mutation]
    86 | D        | Lost mutation: Your spells are a little harder to cast, but
                  | a little more powerful. [potion of mutation]
    86 | D        | Lost mutation: You are partially covered in iridescent
                  | scales. (AC +2) [potion of mutation]
    86 | D        | Gained mutation: You occasionally lose the ability to drink
                  | potions when taking damage. [potion of mutation]
    86 | D        | Gained mutation: You are clumsy. (Dex -2) [potion of
                  | mutation]
    86 | D        | Gained mutation: Your flesh is cold resistant. (rC+)
                  | [potion of mutation]
    86 | D        | Gained mutation: You are robust. (+10% HP) [potion of
                  | mutation]
   116 | D        | Noticed a water elemental
   128 | D        | Slain by a water elemental

Illustrated notes

Levels and vault maps discovered:
D:        dungeon_sprint_mu [sprint_mu_entry_cave, sprint_mu_temple_rooms,
          sprint_mu_d1_spiders, sprint_mu_d2_genie, sprint_mu_d3_branching,
          sprint_mu_orc_legion, sprint_mu_elf_gauntlet, sprint_mu_hive_nellie,
          sprint_mu_lair_fedhas, sprint_mu_vaults_butterflies,
          sprint_mu_slime_circle, sprint_mu_swamp_cave, sprint_mu_shoals_archi,
          sprint_mu_blade_basic, sprint_mu_crypt_lich, sprint_mu_tomb_spiral,
          sprint_mu_vestibule_basic, sprint_mu_gehenna_hellfire,
          sprint_mu_dis_giant, sprint_mu_tartarus_statrot,
          sprint_mu_cocytus_islands, sprint_mu_zot1]

Skill      XL: |  1  2  3 |
---------------+----------+-----
Stealth        | 7 |  7.7
Dodging        | 3 4 |  4.2
Fighting       | 2 3 |  3.0
Short Blades   | 3 4 |  4.0
Throwing       | 3 |  3.6

Action                     || total
---------------------------++-------
  Melee: Dagger            ||    25
  Throw: Dart              ||     2
    Use: Potion            ||     5
         Scroll            ||     1
   Stab: Sleeping          ||     4
 Armour: Robe              ||     1
  Dodge: Dodged            ||    12

Table legend: (Time is in decaauts)
 A = Elapsed time spent in this place.
 B = Non-inter-level travel time spent in this place.
 C = Inter-level travel time spent in this place.
 D = Time resting spent in this place.
 E = Time spent auto-exploring this place.
 F = Levels seen in this place.
 G = Mean time per level.
                   A        B        C        D        E       F      G
               +--------+--------+--------+--------+--------+-----+--------+
         Total |    101 |    101 |      0 |     24 |      0 |   1 |  101.0 |
       Dungeon |    101 |    101 |      0 |     24 |      0 |   1 |  101.0 |
               +--------+--------+--------+--------+--------+-----+--------+

Top non-repeatable levels by time:
       D: 101 daAuts
